 Dungeon Crawl Stone Soup version 0.28-a0-514-g0d7ab7f379 (webtiles) character file.

Game seed: 10047675352732125592

1476 robertstho the Magician (level 9, -3/61 HPs)
             Began as a Djinni Fire Elementalist on Sept 22, 2021.
             Was an Initiate of Gozag.
             Slain by a troll (18 damage)
             ... on level 6 of the Dungeon.
             The game lasted 00:09:19 (7508 turns).

robertstho the Magician (Djinni Fire Elementalist)  Turns: 7508, Time: 00:09:20

Health: -3/61      AC:  2    Str:  7    XL:     9   Next: 6%
Gold:   281        EV: 13    Int: 25    God:    Gozag SH:  0 Dex: 15

rFire   + + .      SeeInvis .   p - +0 spear (venom)
rCold   . . .      Faith    .   (no shield)
rNeg    . . .      Spirit   .   a - +0 robe
rPois   ∞          Reflect  .   (no helmet)
rElec   .          Harm     .   (no cloak)
rCorr   .          Rampage  .   (no gloves)
Will    .....                   (boots unavailable)
Stlth   ++........              (no amulet)
HPRegen 0.20/turn               b - ring of protection from cold
MPRegen 0.00/turn               l - +6 ring of intelligence

@: about to teleport, flying, very slightly contaminated
A: sickness immunity, fire resistance 2, cold vulnerability 1, float, innate
caster, hp casting, extra vitality 1
a: Renounce Religion, Potion Petition, Call Merchant, Bribe Branch


You were on level 6 of the Dungeon.
You worshipped Gozag.
Gozag was aware of your devotion.
You visited 2 branches of the dungeon, and saw 7 of its levels.

You collected 466 gold pieces.
You spent 121 gold pieces at shops.
You paid 64 gold pieces to Gozag.

Inventory:

Hand Weapons
 g - a +2 dagger of protection
 p - a +0 spear of venom (weapon)
Armour
 a - a +0 robe (worn)
Jewellery
 b - a ring of protection from cold (left hand)
 l - a +6 ring of intelligence (right hand)
Wands
 d - a wand of digging (5)
Scrolls
 c - a scroll of fog
 f - a scroll of identify
 m - a scroll of enchant armour
 q - a scroll of noise {unknown}
Potions
 e - a potion of brilliance
 i - a potion of haste
 j - a potion of mutation
 k - a potion of cancellation
 n - 2 potions of flight {unknown}
 o - a potion of curing
 r - a potion of attraction {unknown}


   Skills:
 * Level 3.6 Fighting
 + Level 2.9 Dodging
 + Level 3.0 Stealth
 * Level 7.5 Spellcasting


You had one spell level left.
You knew the following spells:

 Your Spells              Type           Power      Damage    Failure   Level
a - Foxfire               Conj/Fire      100%       2x1d9     1%          1
b - Scorch                Fire           94%        2d10      1%          2
c - Conjure Flame         Conj/Fire      47%        6-21      1%          3
d - Inner Flame           Hex/Fire       47%        N/A       1%          3
e - Flame Wave            Conj/Fire      47%        3d9       2%          4
f - Sting                 Tmut/Pois      100%       1d8       1%          1
g - Wereblood             Tmut           47%        N/A       1%          2
h - Corpse Rot            Necr/Air       N/A        N/A       1%          2
i - Summon Ice Beast      Ice/Summ       47%        N/A       2%          4
Your spell library was empty.

Dungeon Overview and Level Annotations

Branches:
Dungeon (6/15)             Temple (1/1) D:4

Altars:
Ashenzari
Cheibriados
Dithmenos
Elyvilon
Fedhas
Gozag
Hepliaklqana
Kikubaaqudgha
Makhleb
Nemelex Xobeh
Okawaru
Ru
Sif Muna
Trog
Uskayaw
Vehumet
Wu Jian
Xom
Yredelemnul
Zin
The Shining One

Shops:
D:5 =   D:6 *


Innate Abilities, Weirdness & Mutations

You are immune to sickness and miasma.
You are immune to poison.
Your flesh is very heat resistant. (rF++)
You are vulnerable to cold. (rC-)
You float through the air rather than walking.
You learn spells naturally, not from books.
Your magical power is your life essence.
You have superior vitality. (+4 HP)


Message History

The power to cast Summon Ice Beast wells up from within.
Spell assigned to 'i'.
A wave of flame ripples out!
The flame wave engulfs the centaur zombie!
The centaur zombie is heavily damaged.
The centaur zombie misses you. The centaur zombie closely misses you.
A wave of flame ripples out!
The flame wave engulfs the centaur zombie!!
You destroy the centaur zombie!
You finish channelling waves of flame.
Unknown command.
You now have 275 gold pieces (gained 17).
You see here a +0 giant spiked club.
You now have 281 gold pieces (gained 6).
A troll comes into view.
A troll is nearby!
A troll is nearby!
A troll is nearby!
A troll is nearby!
A troll is nearby!
The troll shouts!
Casting: Flame Wave (dangerous; 2% risk of failure)
Confirm with . or Enter, or press ? or * to list all spells.
Casting: Flame Wave (dangerous; 2% risk of failure)
Press: ? - help, Dir - look around, f - activate You miscast Flame Wave.
You are very lightly contaminated with residual magic.
Nothing appears to happen.
The troll bites you! The troll claws you. x2
Unknown command.
The troll bites you but does no damage. The troll barely misses you.
The troll claws you! The troll bites you. The troll claws you!
The troll misses you.
Okay, then.
You feel better. The troll misses you. The troll claws you!
* * * LOW HITPOINT WARNING * * *
The troll misses you.
As you read the scroll of teleportation, it crumbles to dust.
You feel strangely unstable. The troll bites you!!
You die...
Your body crumbles into a pile of gold.

...........##..##
##.......## #
...........###..##
##....### #
...........#
##..####..###
...........#
##..#..###
...........#
#....##
...........#
##.###
#..........# ##.#
#..# #@## #T# #.##
#. #. .# . ##


You could see a troll.

Vanquished Creatures
  Eustachio (D:5)
  A water moccasin (D:6)
  A sky beast (D:6)
  An ice beast (D:5)
  An ogre (D:6)
  2 necrophages
  2 phantoms (D:6)
  A scorpion (D:6)
  A wyvern skeleton (D:5)
  3 wights (D:6)
  A centaur zombie (D:6)
  2 jellies
  A centaur skeleton (D:5)
  2 orc priests (D:6)
  A bullfrog skeleton (D:6)
  An iguana (D:5)
  A hound skeleton (D:5)
  A howler monkey skeleton (D:6)
  4 adders
  A shadow imp (D:5)
  2 ufetubi (D:6)
  3 worms
  A dart slug (D:2)
  12 orcs
  4 bats
  2 endoplasms (D:1)
  7 giant cockroaches
  2 goblins (D:1)
  4 hobgoblins
  9 kobolds
  A quokka (D:4)
  7 ball pythons
  3 frilled lizards
  7 rats
93 creatures vanquished.

Vanquished Creatures (others)
  525 foxfires
525 creatures vanquished.

Grand Total: 618 creatures vanquished

Notes
Turn   | Place    | Note
-------+----------+-------------------------------------------
     0 | D:1      | robertstho the Djinni Fire Elementalist began the quest for
                  | the Orb.
     0 | D:1      | Reached XP level 1. HP: 15/15 MP: 0/0
   497 | D:1      | Reached XP level 2. HP: 20/21 MP: 0/0
  1359 | D:1      | Reached XP level 3. HP: 19/26 MP: 0/0
  1359 | D:1      | Learned a level 1 spell: Sting
  1841 | D:2      | Reached skill level 3 in Spellcasting
  2439 | D:2      | Reached skill level 1 in Fighting
  2810 | D:3      | Reached XP level 4. HP: 29/32 MP: 0/0
  4023 | D:4      | Found a staircase to the Ecumenical Temple.
  4137 | Temple   | Entered the Ecumenical Temple
  4563 | D:5      | Entered Level 5 of the Dungeon
  4568 | D:5      | Reached XP level 5. HP: 33/37 MP: 0/0
  4568 | D:5      | Learned a level 2 spell: Wereblood
  4664 | D:5      | Found a shadowy altar of Dithmenos.
  4664 | D:5      | Found a glowing golden altar of the Shining One.
  4686 | D:5      | Reached skill level 4 in Spellcasting
  4857 | D:5      | Noticed Eustachio
  5165 | D:5      | Reached XP level 6. HP: 29/43 MP: 0/0
  5165 | D:5      | Noticed an ice beast
  5171 | D:5      | Noticed a necrophage
  5173 | D:5      | Killed an ice beast
  5457 | D:5      | Found an opulent altar of Gozag.
  5472 | D:5      | Became a worshipper of Gozag Ym Sagoz the Greedy
  5561 | D:5      | Found an ornate altar of the Wu Jian Council.
  5568 | D:5      | Killed a necrophage
  5569 | D:5      | Reached skill level 5 in Spellcasting
  5569 | D:5      | Reached XP level 7. HP: 44/49 MP: 0/0
  5569 | D:5      | Learned a level 2 spell: Corpse Rot
  5654 | D:5      | Found Ziole's Jewellery Shop.
  5747 | D:5      | Killed Eustachio
  6142 | D:6      | Reached XP level 8. HP: 44/55 MP: 0/0
  6148 | D:6      | Reached skill level 6 in Spellcasting
  6503 | D:6      | Found Immusib's General Store.
  6511 | D:6      | Bought a scroll of identify for 22 gold pieces
  6511 | D:6      | Bought 3 scrolls of identify for 66 gold pieces
  6511 | D:6      | Bought a scroll of teleportation for 33 gold pieces
  7171 | D:6      | Reached skill level 7 in Spellcasting
  7444 | D:6      | Reached XP level 9. HP: 56/61 MP: 0/0
  7444 | D:6      | Learned a level 4 spell: Summon Ice Beast
  7499 | D:6      | Noticed a troll
  7508 | D:6      | Slain by a troll

Illustrated notes

Levels and vault maps discovered:
D:1:      minmay_arrival_cross, layout_basic, hangedman_abyss_or_decor_stabs
D:2:      layout_basic
D:3:      layout_loops_ring, feat_on_display
D:4:      layout_loops_ring, temple_green, serial_glass, glass_columns_a,
          glass_columns_a, glass_columns_a, glass_columns_b, glass_columns_a,
          glass_columns_a, glass_columns_a, glass_columns_a, glass_columns_a,
          glass_columns_b
D:5:      layout_gridville, grunt_gozag_breadcrumbs,
          gammafunk_temple_overflow_wave, mainiacjoe_overflow_catch_the_wave,
          serial_shops, shop, uniq_eustachio
D:6:      layout_cave_pods, nicolae_stop_n_shop_2
Temple:   nicolae_temple_x_marks_the_god

Skill      XL: |  1  2  3  4  5  6  7  8 |
---------------+-------------------------+-----
Stealth        | 2 3 |  3.0
Spellcasting   | 3 4 5 7 |  7.5
Fighting       | 1 2 3 |  3.6
Dodging        | |  2.9

Action                   |  1- 3 |  4- 6 |  7- 9 || total
-------------------------+-------+-------+-------++-------
Melee: Unarmed           |     2 |       |       ||     2
       Spear             |       |       |     4 ||     4
 Cast: Foxfire           |   122 |    93 |    87 ||   302
       Scorch            |     3 |     7 |    15 ||    25
       Flame Wave        |       |       |     2 ||     2
  Use: Scroll            |     3 |     2 |     7 ||    12
       Potion            |       |     1 |     1 ||     2
Armor: Robe              |     8 |     8 |     1 ||    17
Dodge: Dodged            |     5 |    20 |    26 ||    51

Table legend: (Time is in decaauts)
 A = Elapsed time spent in this place.
 B = Non-inter-level travel time spent in this place.
 C = Inter-level travel time spent in this place.
 D = Time resting spent in this place.
 E = Time spent auto-exploring this place.
 F = Levels seen in this place.
 G = Mean time per level.
                   A        B        C        D        E       F      G
               +--------+--------+--------+--------+--------+-----+--------+
         Total |   7507 |   7220 |    287 |    433 |   6004 |   7 | 1072.4 |
       Dungeon |   7448 |   7170 |    278 |    433 |   5958 |   6 | 1241.3 |
        Temple |     58 |     50 |      8 |      0 |     46 |   1 |   58.0 |
               +--------+--------+--------+--------+--------+-----+--------+

Top non-repeatable levels by time:
     D:1: 1504 daAuts
     D:6: 1419 daAuts
     D:4: 1305 daAuts
     D:3: 1140 daAuts
     D:2: 1063 daAuts
     D:5: 1015 daAuts
  Temple: 58 daAuts
